 Dungeon Crawl Stone Soup version 0.14-a0-1765-g49ce880 (webtiles) character file.

175751 Mitsuki the Severer (level 17, -23/159 HPs)
             Began as a Deep Dwarf Fighter on Jan 4, 2014.
             Was the Champion of Makhleb.
             Killed from afar by a deep elf annihilator (36 damage)
             ... with a crystal spear
             ... on Level 3 of the Elven Halls on Jan 5, 2014.
             The game lasted 06:03:27 (33355 turns).

Mitsuki the Severer (Deep Dwarf Fighter)           Turns: 33355, Time: 06:03:28

HP -23/159       AC 33     Str 29      XL: 17   Next: 15%
MP  22/22        EV  5     Int  9      God: Makhleb [******]
Gold 3724        SH 44     Dex 14      Spells:  0 memorised, 16 levels left

rFire  + . .     SeeInvis +     (no weapon)
rCold  . . .     Clarity  +     g - +10 plate armour "Shrynewn" {Dex+2 Dam+2 Stlth++}
rNeg   + . .     Conserve .     r - +0 large shield
rPois  +         rCorr    .     j - +0 helmet
rElec  +         rRot     .     A - +0 cloak
SustAb . .       Spirit   .     P - +0 pair of gloves
rMut   .         Warding  .     a - +2 pair of dwarf boots
Saprov . . .     Stasis   .     L - amulet of clarity
                                U - ring of see invisible
                                l - ring of poison resistance

@: non-regenerating, very poisoned, heavily drained, very resistant to hostile
enchantments, extremely unstealthy
A: damage resistance, recharge devices, blurry vision 1, fire resistance 1, low
mp 1, life protection 1, sense surroundings 2, screaming 1, electricity
resistance, slow healing 3, strong 1
a: Device Recharging, Minor Destruction, Lesser Servant of Makhleb, Major
Destruction, Greater Servant of Makhleb, Renounce Religion
}: 1/15 runes: serpentine


You were on level 3 of the Elven Halls.
You worshipped Makhleb.
Makhleb was exalted by your worship.
You were very hungry.

You visited 6 branches of the dungeon, and saw 36 of its levels.
You also visited: Labyrinth.

You collected 3724 gold pieces.

Inventory:

Hand weapons
 x - a +4,+5 orcish war axe of chopping
Armour
 a - a +2 pair of dwarven boots (worn)
 g - the +10 plate armour "Shrynewn" (worn) {Dex+2 Dam+2 Stlth++}
   (You took it off a deep elf high priest on level 3 of the Elven Halls)

   It affects your dexterity (+2).
   It affects your damage-dealing abilities (+2).
   It makes you much more stealthy.
 i - a +2 plate armour of cold resistance
 j - a +0 helmet (worn)
 r - a +0 large shield (worn)
 A - a +0 cloak (worn)
 K - a +3 orcish plate armour of magic resistance
 P - a +0 pair of gloves (worn)
 T - a +0 ice dragon armour
Magical devices
 d - a wand of heal wounds (0)
 q - a wand of digging (14)
Comestibles
 f - 19 bread rations
 p - 2 rotting chunks of elf flesh
 u - 8 meat rations
Scrolls
 v - a scroll of blinking
 M - 2 scrolls of remove curse
Jewellery
 e - the ring of Thejiraop {Str+5 Dam+2 SInv, unknown}
   (You took it off a deep elf sorcerer on level 3 of the Elven Halls)

   [ring of see invisible]

   It affects your strength (+5).
   It affects your damage-dealing abilities (+2).
 l - a ring of poison resistance (left hand)
 m - the amulet "Fanlisch" {rCorr rF+ MR++}
   (You found it on level 2 of the Lair of Beasts)

   [amulet of resist corrosion]

   It protects you from fire.
   It affects your resistance to hostile enchantments.
 L - an amulet of clarity (around neck)
 Q - an uncursed ring of flight
 U - a ring of see invisible (right hand)
Potions
 c - a potion of lignification
 C - 2 potions of speed
 E - 4 potions of flight
 G - 3 potions of brilliance
 I - 6 potions of curing
 N - a potion of restore abilities
 Z - 5 potions of might
Miscellaneous
 k - a box of beasts
 n - a lamp of fire (inert)
 s - a plain deck of war
 t - a fan of gales
 B - a fan of gales (inert)


   Skills:
 + Level 12.2(9.9) Fighting
 + Level 18.5(15.8) Axes
 + Level 13.2(10.8) Armour
 - Level 6.5(4.5) Dodging
 + Level 17.7(15.1) Shields
 - Level 10.0(7.8) Invocations


You had 16 spell levels left.
You didn't know any spells.

Dungeon Overview and Level Annotations

Branches:
Dungeon (15/16)            Temple (1/1) D:7             Orc (4/4) D:12
    Elf (3/3) Orc:4          Lair (8/8) D:9          Shoals (0/5) Lair:6
  Snake (5/5) Lair:5        Slime (0/6) Lair:6
 Vaults: D:14-15

Altars:
Ashenzari
Cheibriados
Elyvilon
Fedhas
Kikubaaqudgha
Makhleb
Nemelex Xobeh
Okawaru
Sif Muna
Trog
Vehumet
Xom
Yredelemnul
Zin
the Shining One
Jiyva

Shops:
D:5 (*   D:9 :   D:12 %   D:13 [   Orc:4 //}!=   Elf:2 ?

Portals:
Trove: D:14 (give +4,+4 demon blade)

Annotations:
Snake:4 exclusion: Roxanne, Roxanne


Innate Abilities, Weirdness & Mutations

You are resistant to damage.
You can recharge devices by infusing magical energy.
You resist negative energy.
You passively map the area around you.
You do not heal naturally.
Your vision is a little blurry.
Your flesh is heat resistant.
Your magical capacity is low (-10% MP).
You occasionally shout uncontrollably.
You are resistant to electric shocks.
Your muscles are strong. (Str +2)


Message History

The deep elf annihilator blinks!
The deep elf high priest mumbles some strange prayers to its god.
You feel a little better.
You see here an arrow.
The deep elf annihilator gestures at you while chanting.
You block the crystal spear.
You see here an elven ring mail.
The deep elf annihilator hits you but does no damage.
You barely miss the deep elf annihilator.
The deep elf annihilator is lightly wounded.
The deep elf annihilator gestures at you while chanting.
The poison arrow hits you!
You are more poisoned.
You partially resist.
* * * LOW HITPOINT WARNING * * *
You closely miss the deep elf annihilator.
The deep elf annihilator is lightly wounded.
The deep elf annihilator gestures at you while chanting.
The crystal spear hits you!
You die...

..............#.# #.#
*,***,**,
.#.#.#.#.#.##.#.# #.#
*,* *,,+,
.........).[#.#.####[##
*,* ****,
.#.#.#.#.#.#[(.).....[#
*,* *,,,
............#########.#
*,* *,*, .#.#)#.#.#.##
#).))).# *,* *,**
............# #.######
*,* *,** .#.#.#.#.#.##
#e# *,* *,**
...######### #@# *,*
**,,, ##.### #8#
*,***,,,* .....# #4#
*,**,,,,, .#.#.####
####e# *,,,,,,,*
.#......### #e)(e#
****,,,,* .#........#
#4#### **,,,,
)....##.#.# #)# **,,*
#######.#.# #e# **,,
#.#.###(# *****,


You could see a stone golem, a deep elf annihilator, a deep elf knight, a deep
elf high priest and a hellwing.

Vanquished Creatures
  Saint Roka (Snake:4)
  Lamia (Snake:5)
  Nikola (Snake:4)
  An Executioner (Elf:3)
  4 deep elf sorcerers (Elf:3)
  Aizul (Snake:2)
  5 greater nagas (Snake:5)
  3 deep elf demonologists (Elf:3)
  The ghost of Jenx the Bludgeoner, a powerful MiAs of Okawaru (Lair:7)
  7 deep elf annihilators (Elf:3)
  A dire elephant (Lair:8)
  A large abomination (Elf:3)
  4 deep elf high priests (Elf:3)
  A minotaur (Lab)
  A hydra (Lair:2)
  A ravenous item mimic (Snake:4)
  Erica (D:13)
  9 anacondas
  10 death yaks
  17 naga warriors
  4 centaur warriors
  2 catoblepae
  2 deep elf knights
  2 unseen horrors
  Erolcha (D:8)
  4 hill giants
  Joseph (D:9)
  3 orc sorcerers
  4 orc knights
  3 deep elf conjurers
  5 cyclopes
  A griffon (D:12)
  4 stone golems (Elf:3)
  10 elephants
  3 sixfirhies
  6 guardian serpents (Snake:5)
  36 black mambas
  3 deep elf summoners (Elf:3)
  An orange demon (Elf:3)
  Psyche (D:8)
  An item mimic (Lair:6)
  10 spiny frogs
  3 fire drakes
  2 deep elf priests (Elf:3)
  2 iron devils (Elf:3)
  A two-headed ogre (D:13)
  20 naga magi
  2 blue devils (Elf:3)
  A spriggan (D:7)
  A polar bear (Lair:6)
  3 trolls
  16 blink frogs
  3 komodo dragons
  9 slime creatures
  A snapping turtle (Lair:6)
  2 grizzly bears (Lair:8)
  5 wyverns
  A trapdoor spider (D:12)
  9 yaks (Lair:8)
  2 basilisks
  8 deep elf magi
  4 hungry ghosts
  8 ugly things (D:13)
  Eustachio (D:4)
  An elephant slug (Lair:4)
  A chaos spawn (Orc:3)
  11 hippogriffs
  A clay golem (Elf:3)
  A hill giant skeleton (D:13)
  5 sharks
  2 steam dragons
  7 deep elf fighters
  16 wolves
  Menkaure (D:4)
  2 manticores
  A necrophage (D:11)
  A sky beast (D:10)
  2 black bears
  8 porcupines
  6 ice beasts
  51 nagas
  A yellow wasp (D:11)
  12 crocodiles
  12 centaurs
  3 phantoms
  8 ogres
  31 orc warriors
  6 giant goldfish
  Duvessa (D:4)
  9 giant slugs
  A warg (Orc:2)
  7 agate snails
  16 giant frogs
  A cyclops zombie (D:13)
  3 rotting devils (Elf:3)
  18 water moccasins
  An eye of draining (D:14)
  4 jellyfish
  A troll zombie (D:11)
  12 killer bees
  4 electric eels
  7 wights
  9 crimson imps
  4 goliath beetles
  A centaur zombie (D:5)
  Dowan (D:4)
  35 orc priests
  15 hounds
  An iron imp (Elf:3)
  2 jellies
  4 big fish
  2 giant frog skeletons
  2 basilisk skeletons (D:10)
  23 orc wizards
  3 quasits
  11 iguanas
  13 worker ants
  26 sheep
  A mottled dragon zombie (D:12)
  A scorpion (D:4)
  8 ogre zombies
  Ijyb (D:4)
  A hound zombie (D:8)
  6 gnolls
  2 hound skeletons
  A worker ant zombie (D:6)
  36 adders
  33 green rats
  6 giant centipedes
  A giant mite (Lair:2)
  A shadow imp (Elf:3)
  6 worms
  An adder zombie (Snake:4)
  3 giant eyeballs
  184 orcs
  26 bats
  8 giant cockroaches
  21 hobgoblins
  16 jackals
  10 quokkas
  A ball python (Snake:1)
  11 giant geckos
  10 giant newts
  A giant spore (D:10)
  26 goblins
  A goblin skeleton (D:12)
  3 goblin zombies (D:12)
  2 hobgoblin zombies (D:12)
  A jackal zombie (D:5)
  9 kobolds
  5 orc skeletons
  10 orc zombies
  A quokka skeleton (D:4)
  19 rats
  A rat skeleton (D:4)
  4 ballistomycetes
  A bush (Lair:8)
  2 crawling corpses (Elf:3)
  19 fungi
  30 plants
1239 creatures vanquished.

Vanquished Creatures (collateral kills)
  A deep elf blademaster (Elf:3)
  Frances (Snake:3)
  The ghost of Bastard the Fencer, a mighty DsBe of Trog (Elf:3)
  A greater naga (Snake:5)
  A deep elf annihilator (Elf:3)
  Snorg (Snake:1)
  A deep elf death mage (Elf:3)
  Fannar (D:14)
  A deep elf high priest (Elf:3)
  6 hydras
  A deep troll shaman (Lair:8)
  6 naga warriors
  A death yak (Lair:8)
  2 deep elf knights (Elf:3)
  An ice devil (Snake:4)
  2 deep elf conjurers (Elf:3)
  An orc sorcerer (Snake:4)
  A cyclops (D:14)
  A stone golem (Elf:3)
  3 guardian serpents (Snake:5)
  5 black mambas
  2 deep elf priests (Elf:3)
  9 naga magi
  A komodo dragon (D:14)
  A blue devil (Elf:3)
  3 deep elf magi (Elf:3)
  A slime creature (D:14)
  A shadow (D:14)
  A chaos spawn (Elf:3)
  3 deep elf fighters (Elf:3)
  2 hippogriffs
  3 wolves (Lair:8)
  28 nagas
  6 orc warriors
  A porcupine (Lair:6)
  3 centaurs (Orc:4)
  3 water moccasins
  A giant frog (Lair:6)
  An orc priest (D:11)
  An orc wizard (Snake:4)
  A scorpion (D:11)
  2 sheep (D:14)
  A naga zombie (Snake:4)
  2 adders
  6 orcs
  A fungus (Lair:7)
123 creatures vanquished.

Vanquished Creatures (others)
  An Executioner (Snake:4)
  A cacodemon (Snake:5)
  3 balrugs
  A green death (Snake:4)
  2 orange demons
  An air elemental (Snake:5)
  2 ynoxinuls
  2 fire elementals
  A giant frog (Lair:6)
  A worker ant (D:7)
  An orc wizard (D:8)
  A hound zombie (D:7)
  A hobgoblin (D:10)
  2 giant spores
  A crawling corpse (Elf:3)
  A fungus (D:9)
22 creatures vanquished.

Grand Total: 1384 creatures vanquished

Notes
Turn   | Place    | Note
--------------------------------------------------------------
     0 | D:1      | Mitsuki, the Deep Dwarf Fighter, began the quest for the Orb.
     0 | D:1      | Reached XP level 1. HP: 20/20 MP: 1/1
   122 | D:1      | Reached XP level 2. HP: 26/28 MP: 2/2
   713 | D:2      | Reached XP level 3. HP: 21/34 MP: 3/3
  1305 | D:2      | Reached skill level 4 in Shields
  1354 | D:2      | Found a snail-covered altar of Cheibriados.
  1429 | D:2      | Reached XP level 4. HP: 42/42 MP: 4/4
  1691 | D:3      | Found a radiant altar of Vehumet.
  1874 | D:3      | Reached skill level 1 in Dodging
  2102 | D:3      | Reached XP level 5. HP: 46/49 MP: 5/5
  2465 | D:4      | Noticed Eustachio
  2480 | D:4      | Noticed Duvessa
  2481 | D:4      | Noticed Dowan
  2489 | D:4      | Killed Eustachio
  2489 | D:4      | Reached skill level 5 in Shields
  2489 | D:4      | Reached XP level 6. HP: 43/56 MP: 6/6
  2503 | D:4      | Killed Dowan
  2536 | D:4      | Killed Duvessa
  2610 | D:4      | Paralysed by a potion of paralysis for 2 turns
  2680 | D:4      | Noticed Ijyb
  2715 | D:4      | Killed Ijyb
  2748 | D:4      | Noticed Menkaure
  2788 | D:4      | Killed Menkaure
  2788 | D:4      | Reached XP level 7. HP: 27/62 MP: 7/7
  2812 | D:4      | Identified Kesurymu's Collected Works on Curses
  2846 | D:4      | Reached skill level 5 in Armour
  2945 | D:4      | Paralysed by a giant eyeball for 4 turns
  3200 | D:4      | Reached skill level 6 in Shields
  3532 | D:5      | Entered Level 5 of the Dungeon
  3769 | D:5      | Reached skill level 5 in Axes
  3810 | D:5      | Found Stei's Elemental Accessories.
  3866 | D:5      | Reached XP level 8. HP: 13/72 MP: 7/7
  3893 | D:5      | Noticed a seven-headed hydra zombie
  4270 | D:5      | Found Tomuf's Antique Weapon Emporium.
  4424 | D:5      | Reached skill level 5 in Dodging
  5034 | D:6      | Reached skill level 7 in Shields
  5108 | D:6      | Found a shimmering altar of Xom.
  5797 | D:7      | Noticed a spriggan baker
  5801 | D:7      | Killed a spriggan baker
  5801 | D:7      | Gained mutation: You passively map the area around you. [level up]
  5801 | D:7      | Reached XP level 9. HP: 66/79 MP: 8/8
  5869 | D:7      | Found a staircase to the Ecumenical Temple.
  5875 | Temple   | Entered the Ecumenical Temple
  5971 | Temple   | Became a worshipper of Makhleb the Destroyer
  6565 | D:8      | Reached skill level 5 in Fighting
  6586 | D:8      | Reached skill level 8 in Shields
  6602 | D:8      | Noticed Psyche
  6614 | D:8      | Killed Psyche
  6714 | D:8      | Acquired Makhleb's first power
  6906 | D:8      | Gained mutation: Your muscles are strong. (Str +2) [potion of beneficial mutation]
  6991 | D:8      | Noticed Erolcha
  7012 | D:8      | Killed Erolcha
  7012 | D:8      | Reached skill level 9 in Shields
  7012 | D:8      | Reached XP level 10. HP: 31/88 MP: 9/9
  7727 | D:9      | Found a blossoming altar of Fedhas.
  7810 | D:9      | Acquired Makhleb's second power
  7840 | D:9      | Found a staircase to the Lair.
  7974 | D:9      | Found Stullo's Book Shoppe.
  8057 | D:9      | Noticed Joseph
  8071 | D:9      | Killed Joseph
  8071 | D:9      | Reached skill level 1 in Invocations
  8471 | D:10     | Entered Level 10 of the Dungeon
  8481 | D:10     | Paralysed by a giant eyeball for 3 turns
  8487 | D:10     | Paralysed by a giant eyeball for 2 turns
  8564 | D:10     | Noticed a hill giant
  8589 | D:10     | Killed a hill giant
  8589 | D:10     | Reached skill level 10 in Shields
  8700 | D:10     | Acquired Makhleb's third power
  8712 | D:10     | Noticed a hill giant
  8728 | D:10     | Killed a hill giant
  9147 | D:11     | Reached XP level 11. HP: 94/97 MP: 17/17
  9170 | D:11     | Noticed a cyclops
  9189 | D:11     | Killed a cyclops
  9189 | D:11     | Reached skill level 5 in Invocations
  9420 | D:11     | Noticed a four-headed hydra
  9432 | D:11     | Killed a four-headed hydra
  9565 | D:11     | Noticed a hill giant
  9571 | D:11     | Killed a hill giant
  9626 | D:11     | Acquired Makhleb's fourth power
  9629 | D:11     | Paralysed by a giant eyeball for 4 turns
  9769 | D:11     | Killed an unseen horror
  9897 | D:11     | Reached skill level 10 in Invocations
 10360 | D:12     | Reached skill level 10 in Axes
 10419 | D:12     | Found a staircase to the Orcish Mines.
 10501 | D:12     | Acquired Makhleb's fifth power
 10900 | D:12     | Found Aduafall's Food Emporium.
 10928 | D:12     | Upgraded the game from 0.14-a0-1761-gdbd231b to 0.14-a0-1765-g49ce880
 11038 | D:13     | Noticed Erica
 11054 | D:13     | Killed Erica
 11054 | D:13     | Reached skill level 11 in Shields
 11104 | D:13     | Found Jish's Armour Emporium.
 11131 | D:13     | Reached XP level 12. HP: 59/106 MP: 24/24
 11227 | D:13     | Gained mutation: You occasionally shout uncontrollably. [mutagenic meat]
 11228 | D:13     | Gained mutation: Your flesh is heat resistant. [mutagenic meat]
 11229 | D:13     | Gained mutation: You are resistant to electric shocks. [mutagenic meat]
 11230 | D:13     | Gained mutation: Your vision is a little blurry. [mutagenic meat]
 11292 | D:13     | Noticed a hill giant
 11299 | D:13     | Killed a hill giant
 11404 | D:13     | Noticed a centaur warrior
 11415 | D:13     | Killed a centaur warrior
 11494 | D:13     | Noticed a centaur warrior
 11540 | D:13     | Killed a centaur warrior
 12107 | D:14     | Noticed Fannar
 12167 | D:14     | Found a portal to a secret trove of treasure.
 12222 | D:14     | Noticed a six-headed hydra
 12235 | D:14     | Killed a 11-headed hydra
 12327 | D:14     | Killed Fannar
 12498 | D:14     | Reached skill level 12 in Shields
 12956 | D:15     | Entered Level 15 of the Dungeon
 13033 | D:15     | Noticed a vault guard
 13341 | Lair:1   | Entered Level 1 of the Lair of Beasts
 14195 | Lair:2   | Got a vibrating diamond amulet
 14353 | Lair:2   | Noticed a five-headed hydra
 14360 | Lair:2   | Killed a five-headed hydra
 14522 | Lair:2   | Noticed an eight-headed hydra
 14550 | Lair:2   | Killed a 15-headed hydra
 14550 | Lair:2   | Reached skill level 10 in Armour
 15152 | Lair:3   | Reached XP level 13. HP: 118/118 MP: 25/25
 15316 | Lair:3   | Identified the amulet "Fanlisch" {rCorr rF+ MR++} (You found it on level 2 of the Lair of Beasts)
 15734 | Lair:3   | Reached skill level 13 in Axes
 16950 | Lair:5   | Found a staircase to the Snake Pit.
 17116 | Lair:5   | Found a labyrinth entrance.
 17163 | Lab      | Entered a labyrinth
 18408 | Lab      | Got a tattered robe
 19228 | Lair:6   | Found a staircase to the Shoals.
 19947 | Lair:6   | Found a viscous altar of Jiyva.
 19948 | Lair:6   | Found a staircase to the Slime Pits.
 20774 | Lair:7   | Noticed Jenx's ghost (powerful MiAs)
 20790 | Lair:7   | Killed Jenx's ghost
 20790 | Lair:7   | Reached skill level 14 in Axes
 20833 | Lair:7   | Gained mutation: You resist negative energy. [level up]
 20833 | Lair:7   | Reached XP level 14. HP: 98/129 MP: 25/25
 21168 | Lair:8   | Entered Level 8 of the Lair of Beasts
 22027 | Lair:8   | Reached skill level 10 in Fighting
 22289 | Lair:8   | Got a brightly glowing dagger
 22927 | Lair:2   | Identified the +11,+2 dagger of the Blue Skies {venom, rF+ MR++} (You found it on level 8 of the Lair of Beasts)
 23014 | Lair:2   | Identified the +0 robe of the Six Cities {+Fly MR++ Curse} (You found it in a labyrinth)
 23111 | Snake:1  | Entered Level 1 of the Snake Pit
 23184 | Snake:1  | Noticed Snorg
 23193 | Snake:1  | Killed Snorg
 23193 | Snake:1  | Reached skill level 15 in Axes
 23311 | Snake:1  | Got a heavily jewelled robe
 24086 | Snake:1  | Identified the +0 robe of Zyrgh {+Blink} (You found it on level 1 of the Snake Pit)
 24403 | Lair:2   | Gained mutation: Your magical capacity is low (-10% MP). [potion of mutation]
 24567 | Snake:2  | Noticed Aizul
 24586 | Snake:2  | Killed Aizul
 24764 | Snake:2  | Reached XP level 15. HP: 93/140 MP: 23/23
 25445 | Snake:3  | Reached skill level 15 in Shields
 25709 | Snake:3  | Noticed Frances
 25717 | Snake:3  | Killed Frances
 26058 | Snake:5  | Entered Level 5 of the Snake Pit
 26219 | Snake:5  | Reached skill level 16 in Axes
 26785 | Snake:5  | Noticed Lamia
 26883 | Snake:5  | Killed Lamia
 26999 | Snake:5  | Got a serpentine rune of Zot
 27174 | Snake:5  | Reached skill level 17 in Axes
 27380 | Snake:5  | Reached XP level 16. HP: 85/150 MP: 24/24
 28204 | Snake:4  | Noticed Saint Roka
 28228 | Snake:4  | Killed Saint Roka
 28314 | Snake:4  | Noticed Roxanne
 28422 | Snake:4  | Noticed Nikola
 28449 | Snake:4  | Killed Nikola
 28914 | Orc:1    | Entered Level 1 of the Orcish Mines
 28935 | Orc:1    | Found a burning altar of Makhleb.
 30415 | Orc:4    | Entered Level 4 of the Orcish Mines
 30486 | Orc:4    | Found Ileu's Magical Wand Emporium.
 30489 | Orc:4    | Found a staircase to the Elven Halls.
 30692 | Orc:4    | Found Equoses' Gadget Shop.
 30692 | Orc:4    | Found Khajiel's Distillery.
 30719 | Orc:4    | Found Khiuzop's Jewellery Emporium.
 30721 | Orc:4    | Found Schisch's Magical Wand Boutique.
 31542 | Elf:1    | Entered Level 1 of the Elven Halls
 31817 | Elf:2    | Found Eryup's Magic Scroll Emporium.
 32000 | Elf:3    | Entered Level 3 of the Elven Halls
 32124 | Elf:3    | Noticed Bastard's ghost (mighty DsBe)
 32126 | Elf:3    | Noticed an Executioner
 32144 | Elf:3    | Killed an Executioner
 32150 | Elf:3    | Killed Bastard's ghost
 32164 | Elf:3    | Noticed a deep elf blademaster
 32172 | Elf:3    | Killed a deep elf blademaster
 32224 | Elf:3    | Reached skill level 18 in Axes
 32474 | Elf:3    | Noticed an Executioner
 32481 | Elf:3    | Noticed an Executioner
 32761 | Elf:3    | Got a faintly glowing short sword
 32964 | Elf:3    | Reached XP level 17. HP: 122/159 MP: 22/22
 33073 | Elf:3    | Got a glittering iron ring
 33074 | Elf:3    | Got a faintly glowing plate armour
 33168 | Elf:3    | Identified the cursed +10 plate armour "Shrynewn" {Dex+2 Dam+2 Stlth++} (You took it off a deep elf high priest on level 3 of the Elven Halls)
 33169 | Elf:3    | Identified the cursed +2,+3 short sword of the Silent Majority {venom, rF+ Dex-1} (You took it off a deep elf annihilator on level 3 of the Elven Halls)
 33355 | Elf:3    | Killed from afar by a deep elf annihilator

Action                   |  1- 3 |  4- 6 |  7- 9 | 10-12 | 13-15 | 16-18 || total
-------------------------+-------+-------+-------+-------+-------+-------++-------
Melee: Hand axe          |    97 |   233 |    46 |       |       |       ||   376
       War axe           |       |       |   476 |  1116 |  1895 |   820 ||  4307
       Unarmed           |       |       |       |       |     9 |    65 ||    74
Invok: Lesser Servant of |       |       |       |     4 |       |       ||     4
       Greater Servant o |       |       |       |     2 |    13 |    11 ||    26
       Major Destruction |       |       |       |     1 |       |       ||     1
 Abil: Device Recharging |       |       |     1 |     1 |       |     3 ||     5
Evoke: Wand              |       |    11 |    13 |    24 |    17 |    11 ||    76
       fan of gales      |       |       |       |       |     4 |     1 ||     5
       lamp of fire      |       |       |       |       |     2 |     1 ||     3
  Use: Scroll            |     2 |    11 |     8 |    16 |    13 |     6 ||    56
       Potion            |     2 |    10 |     7 |     5 |    15 |    11 ||    50
 Stab: Distracted        |       |       |       |     5 |     9 |     2 ||    16
       Petrifying        |       |       |       |       |     2 |       ||     2
       Petrified         |       |       |       |       |     1 |       ||     1
